 Dungeon Crawl Stone Soup version 0.18.1-47-g9310371 (webtiles) character file.

56 Legadrian the Grave Robber (level 3, -4/16 HPs)
             Began as a Vine Stalker Necromancer on June 22, 2016.
             Killed from afar by an orc wizard (5 damage)
             ... with a magic dart
             ... on level 4 of the Dungeon.
             The game lasted 00:18:25 (1099 turns).

Legadrian the Grave Robber (VSNe)                   Turns: 1099, Time: 00:18:26

Health: -4/16      AC:  6    Str: 10    XL:     3   Next: 95%
Magic:  0/8        EV: 12    Int: 16    God:
Gold:   70         SH:  0    Dex: 14    Spells: 2 memorised, 6 levels left

rFire  . . .     SeeInvis .     e - +0 dagger
rCold  . . .     Gourm    .     a - +1 robe
rNeg   . . .     Faith    .     (no shield)
rPois  .         Spirit   +     (no helmet)
rElec  .         Dismiss  .     k - +2 cloak
rCorr  .         Reflect  .     (no gloves)
SustAt .         Harm     .     (no boots)
MR     .....                    (no amulet)
Stlth  ++........               (no ring)
                                (no ring)

@: slowed, very slow, not resistant to hostile enchantments, unstealthy
A: fangs 2, regeneration 1, magic shield, antimagic bite, no device heal 3, rot
immunity
a: no special abilities


You were on level 4 of the Dungeon.
You were full.

You visited 1 branch of the dungeon, and saw 4 of its levels.

You collected 70 gold pieces.

Inventory:

Hand Weapons
 e - a +0 dagger (weapon)
 i - a +0 club
Armour
 a - a +1 robe (worn)
 k - a +2 cloak (worn)
Scrolls
 d - a scroll of noise
 h - a scroll of recharging
Books
 b - a book of Necromancy

   Spells                             Type                      Level
   a - Pain                           Necromancy                   1
   b - Animate Skeleton               Necromancy                   1
   c - Vampiric Draining              Necromancy                   3
   d - Regeneration                   Charms/Necromancy            3
   e - Animate Dead                   Necromancy                   4
   f - Control Undead                 Necromancy                   4
Comestibles
 c - a bread ration


   Skills:
 + Level 1.7 Dodging
 + Level 2.6 Stealth
 + Level 3.1 Spellcasting
 + Level 4.7 Necromancy


You had 6 spell levels left.
You knew the following spells:

 Your Spells              Type           Power        Failure   Level  Hunger
a - Pain                  Necr           ###.         2%          1    None
b - Animate Skeleton      Necr           N/A          2%          1    None


Dungeon Overview and Level Annotations

Branches:
Dungeon (4/15)
 Temple: D:4-7

Altars:


Innate Abilities, Weirdness & Mutations

You have extremely sharp teeth.
Your natural rate of healing is unusually fast.
When hurt, damage is shared between your health and your magic reserves.
Your bite disrupts and absorbs the magic of your enemies.
Potions and wands cannot restore your health.
You are immune to rotting.


Message History

Forget which spell ([?*] list [ESC] exit)?
Forget which spell ([?*] list [ESC] exit)?
Okay, then.
The orc wizard hits you with a dagger. The orc wizard barely misses you.
The orc wizard closely misses you.
The orc wizard hits you but does no damage.
The orc wizard casts a spell.
The orc wizard blinks!
The orc wizard gestures wildly while chanting.
The orc wizard blinks!
The orc wizard mumbles some strange words.
The orc wizard blinks!
There is an open door here.
An orc wizard is nearby!
The orc wizard gestures at you while chanting.
The magic dart hits you!
* * * LOW HITPOINT WARNING * * *
The orc wizard gestures at you while chanting.
The magic dart hits you!
You die...

#..............#......#
##.............'......#
#..............#......+
#..#########...#......#
#.....###.##...##......#
#.....#....#....#......#
#.....#....#....#......#
#.....'o...#....#......#
#.....#...@#....#......#
#.....#....'o...#
#.....###########
#######


You could see 2 orc wizards.

Vanquished Creatures
  A worker ant (D:4)
  An adder (D:2)
  A dart slug (D:2)
  2 giant geckos (D:1)
  An orc (D:4)
  A giant cockroach (D:4)
  2 goblins (D:1)
  2 hobgoblins
  A jackal (D:4)
  2 kobolds (D:2)
  2 bats (D:2)
  A giant newt (D:2)
  A rat (D:1)
18 creatures vanquished.

Vanquished Creatures (collateral kills)
  A giant newt (D:1)
1 creature vanquished.

Grand Total: 19 creatures vanquished

Notes
Turn   | Place    | Note
--------------------------------------------------------------
     0 | D:1      | Legadrian the Vine Stalker Necromancer began the quest for the Orb.
     0 | D:1      | Reached XP level 1. HP: 9/9 MP: 4/4
     3 | D:1      | Learned a level 1 spell: Animate Skeleton
   285 | D:1      | Reached XP level 2. HP: 4/13 MP: 0/6
   732 | D:2      | Reached XP level 3. HP: 12/16 MP: 1/7
  1099 | D:4      | Killed from afar by an orc wizard

Skill      XL: |  1  2  3 |
---------------+----------+-----
Spellcasting   | 3 |  3.1
Dodging        | |  1.7
Stealth        | |  2.6
Necromancy     | |  4.7

Action                   || total
-------------------------++-------
Melee: Dagger            ||    17
       Bite              ||     3
 Cast: Pain              ||    38
       Animate Skeleton  ||     3
  Use: Scroll            ||     7
  Eat: Meat ration       ||     1
Armor: Robe              ||    10
Dodge: Dodged            ||    25
